 Dungeon Crawl Stone Soup version 0.19.1 (console) character file.

1010 nht the Cleaver (level 8, 0/64 HPs)
             Began as a Minotaur Chaos Knight on Nov 27, 2016.
             Slain by an orc warrior
             ... wielding a +0 glaive
              (25 damage)
             ... on level 7 of the Dungeon.
             The game lasted 00:06:41 (3866 turns).

nht the Cleaver (Minotaur Chaos Knight)             Turns: 3866, Time: 00:06:43

Health: 0/64       AC:  4    Str: 22    XL:     8   Next: 1%
Magic:  7/7        EV: 11    Int:  9    God:    Xom [...*..]
Gold:   248        SH:  0    Dex: 10    Spells: 0 memorised, 7 levels left

rFire  . . .     SeeInvis .     n - +0 war axe
rCold  . . .     Gourm    .     t - +0 leather armour of Hangman {Str+3} (curse)
rNeg   . . .     Faith    .     (no shield)
rPois  .         Spirit   .     (helmet restricted)
rElec  .         Reflect  .     s - +0 cloak
rCorr  .         Harm     .     (no gloves)
MR     .....                    (no boots)
Stlth  +.........               e - amulet of regeneration
                                (no ring)
                                (no ring)

@: no status effects
A: retaliatory headbutt, horns 2, sturdy frame 1
a: Renounce Religion


You were on level 7 of the Dungeon.
You worshipped Xom.
You were a favourite toy of Xom.
You were hungry.

You visited 1 branch of the dungeon, and saw 7 of its levels.

You collected 248 gold pieces.

Inventory:

Hand Weapons
 a - a +0 hand axe of chaos
 n - a +0 war axe (weapon)
Armour
 b - a +3 leather armour
 m - a +0 scale mail of cold resistance
 s - a +0 cloak (worn)
 t - the cursed +0 leather armour of Hangman (worn) {Str+3}
   (You found it on level 5 of the Dungeon)

   It affects your strength (+3).
   It has a curse placed upon it.
Jewellery
 e - an amulet of regeneration (around neck)
 j - an uncursed amulet of rage
 l - an uncursed amulet of faith
 p - an uncursed ring of fire
Wands
 f - a wand of paralysis (7/24)
Scrolls
 h - 2 scrolls of recharging
 i - 7 scrolls of identify
 o - a scroll of fog
 w - 3 scrolls of enchant armour
Potions
 g - a potion of cure mutation
 u - a potion of curing
Comestibles
 c - 5 bread rations
 d - 5 meat rations
 q - a royal jelly
 r - a beef jerky


   Skills:
 - Level 3.6 Fighting
 + Level 11.4 Axes
 - Level 2.4 Armour
 - Level 1.1 Dodging


You had 7 spell levels left.
You didn't know any spells.

Dungeon Overview and Level Annotations

Branches:
Dungeon (7/15)
 Temple: D:4-7

Altars:
Fedhas
Kikubaaqudgha
Makhleb
Nemelex Xobeh
Sif Muna
Trog
Zin

Annotations:
D:6 Philosophy's ghost, novice HOFi
D:7 Dowan; Duvessa


Innate Abilities, Weirdness & Mutations

You reflexively headbutt those who attack you in melee.
You have a pair of horns on your head.
Your movements are slightly less encumbered by armour. (ER -2)


Message History

The orc wizard is moderately wounded.
The orc wizard mumbles some strange words.
The orc wizard blinks!
Press: ? - help, v - describe, . - travel
Here: an orc warrior, wielding a glaive and wearing a plate armour The floor.
Okay, then.
A leopard gecko, Duvessa and Dowan come into view.
Duvessa shouts!
Dowan shouts!
The leopard gecko hisses angrily.
The orc warrior hits you with a glaive!
The leopard gecko moves out of view.
A bullfrog comes into view.
Unknown command.
The bullfrog croaks.
You hit the orc. Your headbutt misses the orc.
The orc is lightly wounded.
You hit the orc warrior but do no damage.
The orc closely misses you. You furiously retaliate!
You headbutt the orc.
The orc warrior hits you with a glaive!!
You die...
Xom howls with laughter! .. █. █. █. ████

█. ....$█.██
█..oo██ █.@§█
█.█.█
█.█o███████
█e█.......█████
..███████.....█
e. █████.█████
█.. █>.....


.Fl ██████. █. You could see Duvessa, an orc warrior, Dowan, a bullfrog, an orc
wizard, an orc and a leopard gecko.

Vanquished Creatures
  An orc warrior (D:6)
  A necrophage (D:3)
  An ogre (D:5)
  3 centaurs
  A howler monkey (D:6)
  A quasit (D:2)
  An orc wizard (D:4)
  4 orc priests
  2 hounds (D:4)
  An iguana (D:4)
  Ijyb (D:3)
  Robin (D:2)
  A howler monkey zombie (D:5)
  2 gnolls (D:5)
  3 adders
  3 oozes (D:2)
  2 adder skeletons
  3 worms
  2 dart slugs (D:1)
  2 leopard geckos (D:5)
  9 orcs
  A ball python (D:2)
  7 bats
  A giant cockroach (D:3)
  13 goblins
  6 hobgoblins
  6 jackals
  A quokka (D:2)
  6 frilled lizards
  A giant cockroach zombie (D:5)
  2 kobolds
  A leopard gecko skeleton (D:4)
  6 rats
96 creatures vanquished.

Vanquished Creatures (collateral kills)
  A crimson imp (D:5)
  A worker ant zombie (D:5)
2 creatures vanquished.

Vanquished Creatures (others)
  2 ball lightnings (D:6)
  An orc (D:4)
3 creatures vanquished.

Grand Total: 101 creatures vanquished

Notes
Turn   | Place    | Note
-------+----------+-------------------------------------------
     0 | D:1      | nht the Minotaur Chaos Knight began the quest for the Orb.
     0 | D:1      | Reached XP level 1. HP: 19/19 MP: 0/0
   103 | D:1      | Reached skill level 4 in Axes
   141 | D:1      | XOM: butterfly on damage
   143 | D:1      | Reached XP level 2. HP: 19/26 MP: 1/1
   347 | D:1      | XOM: harmless Tloc miscast
   402 | D:1      | XOM: mild Summ miscast
   441 | D:1      | XOM: noise
   455 | D:1      | Reached skill level 5 in Axes
   670 | D:1      | Reached XP level 3. HP: 31/31 MP: 2/2
   949 | D:2      | XOM: god gift: scroll labeled BUULUEMATI {god gift}
   972 | D:2      | Found a deep blue altar of Sif Muna.
   972 | D:2      | Found a faded altar of an unknown god.
   979 | D:2      | Found a bloodstained altar of Trog.
   981 | D:2      | Found a faded altar of an unknown god.
   984 | D:2      | Found an ancient bone altar of Kikubaaqudgha.
  1243 | D:2      | XOM: harmless Erth miscast
  1306 | D:2      | You fall through a shaft!
  1313 | D:3      | Reached XP level 4. HP: 32/39 MP: 3/3
  1333 | D:3      | Found a blossoming altar of Fedhas.
  1359 | D:3      | Noticed Ijyb
  1364 | D:3      | Killed Ijyb
  1364 | D:3      | Reached skill level 6 in Axes
  1431 | D:3      | XOM: mild Necr miscast
  1535 | D:3      | Noticed a necrophage
  1640 | D:3      | Noticed Grinder
  1641 | D:3      | Noticed Robin
  1643 | D:3      | Noticed Grinder
  1643 | D:3      | Grinder changed into Grinder the quasit
  1643 | D:3      | XOM: polymorph Grinder -> Grinder the quasit
  1644 | D:3      | XOM: fog
  1654 | D:2      | Killed Robin
  1656 | D:2      | XOM: summons 3 friendly demons
  1661 | D:2      | Killed Grinder the quasit
  1661 | D:2      | Reached skill level 7 in Axes
  1661 | D:2      | Reached XP level 5. HP: 33/45 MP: 4/4
  1769 | D:3      | Killed a necrophage
  1769 | D:3      | Reached skill level 8 in Axes
  1951 | D:4      | Reached XP level 6. HP: 37/51 MP: 5/5
  2113 | D:4      | Found a burning altar of Makhleb.
  2188 | D:4      | Reached skill level 9 in Axes
  2467 | D:4      | XOM: summons 2 hostile demons
  2471 | D:4      | XOM: divination: detect items
  2655 | D:5      | Entered Level 5 of the Dungeon
  2660 | D:5      | Found a sparkling altar of Nemelex Xobeh.
  2664 | D:5      | XOM: summons friendly white imp
  2668 | D:5      | XOM: confuse monster(s)
  2669 | D:5      | Reached XP level 7. HP: 42/57 MP: 6/6
  2692 | D:5      | Reached skill level 10 in Axes
  2737 | D:5      | XOM: silly message
  2869 | D:5      | Got a fine leather armour
  2880 | D:5      | Identified the cursed +0 leather armour of Hangman {Str+3} (You found it on level 5 of the Dungeon)
  2883 | D:5      | XOM: cast spell 'Hydra Form'
  3096 | D:5      | XOM: confuse monster(s)
  3346 | D:5      | XOM: harmless Air miscast
  3349 | D:5      | XOM: god gift: bread ration
  3440 | D:6      | XOM: give mutation
  3440 | D:6      | Gained mutation: Your movements are slightly less encumbered by armour. (ER -2) [Xom's grace]
  3459 | D:6      | XOM: summons 3 friendly demons
  3461 | D:6      | Reached skill level 11 in Axes
  3642 | D:6      | Reached XP level 8. HP: 57/64 MP: 7/7
  3676 | D:6      | Found a glowing silver altar of Zin.
  3719 | D:6      | Noticed Philosophy's ghost (novice HOFi)
  3720 | D:6      | XOM: cast spell 'Alistair's Intoxication'
  3723 | D:6      | XOM: cast spell 'Conjure Ball Lightning'
  3736 | D:6      | HP: 3/64 [Philosophy's ghost (19)]
  3865 | D:7      | Noticed Duvessa
  3865 | D:7      | Noticed Dowan
  3866 | D:7      | Slain by an orc warrior

Skill      XL: |  1  2  3  4  5  6  7 |
---------------+----------------------+-----
Axes           | 4 5 7 8 9 11 | 11.4
Fighting       | |  3.6
Armour         | |  2.4
Dodging        | |  1.1

Action                   |  1- 3 |  4- 6 |  7- 9 || total
-------------------------+-------+-------+-------++-------
Melee: Hand axe          |    77 |    59 |       ||   136
       Headbutt          |    11 |    14 |    14 ||    39
       War axe           |       |    29 |    68 ||    97
Evoke: Wand              |       |       |     3 ||     3
  Use: Scroll            |     8 |     4 |     3 ||    15
       Potion            |       |     6 |     2 ||     8
 Stab: Confused          |     1 |       |     1 ||     2
       Invisible         |       |     1 |       ||     1
       Paralysed         |       |       |     2 ||     2
       Distracted        |       |       |     1 ||     1
  Eat: Chunk             |     1 |     5 |     3 ||     9
Armor: Leather armour    |    37 |    34 |    11 ||    82
Dodge: Dodged            |    47 |    52 |    42 ||   141
